AoeStats
← 739697286

MegaRandom

507467461Analyzed
4v4 RM · 15d ago on Sep 18, 2026· 34m 39s· 8 players
Game mode
Random Map
Map size
Large (8 player)
Population
200
Speed
Normal
Resources
Standard
Victory
Conquest
Starting age
Dark Age
Ending age
Imperial Age
RankedLock teamsTeams togetherTeam positionsShared explorationLock speedFull tech treeHidden civsTurbo modeCheats
Victory
Defeat
🇨🇳 Chinese · China
1472
+12
🇳🇱 Vietnamese · Netherlands
1429
+14
🇨🇳 Persians · China
1423
+14
🇹🇼 Huns · Taiwan
1422
+14
🇩🇪 Ethiopians · Germany
1458
-17
🇩🇪 Mongols · Germany
1369
-13
🇩🇪 Franks · Germany
1368
-13
🇩🇪 Wu · Germany
1319
-11
Demon Hunters
5:55 Loom
8:11 Feudal Age
8:43 Double-Bit Axe
10:34 Scale Barding Armor
10:45 Forging
16:21 Horse Collar
17:46 Wheelbarrow
20:17 Castle Age
18:28 Gold Mining
20:05 Bloodlines
20:22 Scale Barding Armor
21:31 Bow Saw
21:59 Chain Barding Armor
21:59 Town Watch
25:44 Husbandry
28:35 Gold Shaft Mining
29:29 Hand Cart
29:32 Stone Mining
36:31 Imperial Age
34:36 Town Patrol
Rien
0:29 Loom
11:23 Feudal Age
12:45 Double-Bit Axe
15:42 Fletching
18:19 Wheelbarrow
22:22 Castle Age
21:15 Padded Archer Armor
21:18 Gold Mining
21:44 Town Watch
23:00 Bodkin Arrow
23:24 Crossbowman
25:10 Hand Cart
25:08 Stone Mining
26:21 Hand Cart
30:42 Leather Archer Armor
31:52 Thumb Ring
33:01 Ballistics
32:57 Bow Saw
33:59 Stone Shaft Mining
739697286
5:05 Loom
7:59 Feudal Age
6:16 Loom
9:30 Double-Bit Axe
10:39 Horse Collar
19:28 Wheelbarrow
24:03 Castle Age
24:12 Bloodlines
24:23 Forging
24:19 Scale Barding Armor
24:13 Light Cavalry
24:54 Husbandry
28:33 Iron Casting
28:18 Chain Barding Armor
28:33 Iron Casting
28:19 Chain Barding Armor
黛冬优子
0:25 Loom
8:36 Feudal Age
9:29 Double-Bit Axe
12:33 Padded Archer Armor
13:19 Fletching
18:20 Wheelbarrow
20:02 Horse Collar
26:09 Castle Age
27:06 Leather Archer Armor
26:12 Elite Skirmisher
27:19 Bodkin Arrow
28:11 Bow Saw
32:10 Crossbowman
34:05 Ballistics
itzhackingpvp
0:32 Loom
8:22 Feudal Age
10:42 Scale Barding Armor
10:48 Forging
10:46 Scale Barding Armor
10:58 Horse Collar
11:06 Double-Bit Axe
15:53 Fletching
20:01 Gold Mining
23:16 Castle Age
22:39 Bloodlines
24:34 Wheelbarrow
25:30 Chain Barding Armor
25:28 Husbandry
28:23 Scale Mail Armor
30:38 Stone Mining
BobLoggIII
0:29 Loom
4:01 Loom
8:49 Feudal Age
9:15 Double-Bit Axe
9:15 Horse Collar
10:40 Wheelbarrow
13:23 Gold Mining
18:45 Castle Age
18:33 Padded Archer Armor
18:24 Fletching
20:44 Bow Saw
22:36 Hand Cart
24:08 Bodkin Arrow
24:28 Leather Archer Armor
27:20 Ballistics
29:12 Red Cliffs Tactics
Chielch
0:31 Loom
8:01 Feudal Age
12:58 Fletching
14:20 Double-Bit Axe
17:17 Gold Mining
18:01 Padded Archer Armor
22:38 Castle Age
22:03 Horse Collar
22:41 Crossbowman
23:28 Thumb Ring
23:20 Bodkin Arrow
24:20 Wheelbarrow
24:05 Bow Saw
30:24 Scale Mail Armor
30:35 Forging
33:05 Chain Mail Armor
Fränk
0:41 Loom
9:54 Feudal Age
15:54 Castle Age
17:29 Husbandry
23:43 Wheelbarrow
26:55 Hand Cart
Connection lost

Rejoining the realm…

Still unreachable

The connection could not be restored.

Session expired

The server has moved on; the page needs a fresh start.